 Dungeon Crawl Stone Soup version 0.24.1-14-gf8d2b509d9 (webtiles) character file.

Game seed: 12219995187930366454, levelgen mode: deterministic

31 Mrkan the Shield-Bearer (level 3, -1/33 HPs)
             Began as a Deep Dwarf Fighter on May 23, 2020.
             Succumbed to a worker ant's poison
             ... on level 2 of the Dungeon.
             The game lasted 00:01:22 (800 turns).

Mrkan the Shield-Bearer (Deep Dwarf Fighter)         Turns: 800, Time: 00:01:23

Health: -1/33      AC:  0    Str: 20    XL:     3   Next: 7%
Magic:  2/2        EV: 13    Int:  8    God:
Gold:   63         SH:  0    Dex: 12    Spells: 2/2 levels left

rFire    . . .     SeeInvis .   (weapon currently unavailable)
rCold    . . .     Gourm    .   (shield currently unavailable)
rNeg     . . .     Faith    .   (armour currently unavailable)
rPois    .         Spirit   .   (helmet currently unavailable)
rElec    .         Reflect  .   (cloak currently unavailable)
rCorr    .         Harm     .   (gloves currently unavailable)
MR       .....                  (boots currently unavailable)
Stlth    +.........             (no amulet)
HPRegen  0.00/turn              (ring currently unavailable)
MPRegen  0.08/turn              (ring currently unavailable)

@: lethally poisoned (-1 -> -14), pig-form (expiring), non-regenerating, very
quick
A: small, damage resistance, heal wounds, sense surroundings 1, no regeneration
a: Heal Wounds


You were on level 2 of the Dungeon.
You were not hungry.
You were a filthy swine.
You visited 1 branch of the dungeon, and saw 2 of its levels.

You collected 63 gold pieces.

Inventory:

Hand Weapons
 a - a +0 war axe (melded)
Armour
 b - a +0 scale mail (melded)
 c - a +0 shield (melded)
 l - a +0 helmet
Jewellery
 j - an uncursed amulet of regeneration {unknown}
 k - an uncursed ring of magical power {unknown}
Scrolls
 e - 7 scrolls of identify {unknown}
 h - a scroll of enchant armour {unknown}
 i - a scroll of teleportation {unknown}
 m - a scroll of immolation {unknown}
Potions
 d - a potion of might
Comestibles
 f - 2 rations
 g - a chunk of flesh


   Skills:
 + Level 2.9 Fighting
 * Level 3.0 Axes
 + Level 3.5 Armour
 + Level 3.6 Shields


You had 2 spell levels left.
You didn't know any spells.
Your spell library was empty.

Dungeon Overview and Level Annotations

Branches:
Dungeon (2/15)

Altars:

Annotations:
D:2 1 runed translucent door, Crazy Yiuf, Terence


Innate Abilities, Weirdness & Mutations

You are resistant to damage.
You can heal yourself by infusing magical energy.
You passively map a small area around you.
You do not regenerate.


Message History

The worker ant is lightly wounded.
You feel sick. The worker ant bites you. x2
You are more poisoned.
The worker ant poisons you!
You hit the worker ant but do no damage.
The worker ant is lightly wounded.
You feel sick. The worker ant bites you.
You hit the worker ant.
The worker ant is lightly wounded.
You feel sick. The worker ant bites you.
You barely miss the worker ant.
The worker ant is lightly wounded.
Your transformation is almost over.
You feel sick. The worker ant bites you!
* * * LOW HITPOINT WARNING * * *
You are more poisoned.
The worker ant poisons you!
You hit Terence but do no damage.
Terence is heavily wounded.
You die...

............#
#####..w....#
#.......##
#........#
#....)...#
########g#####
#...........g#
#..........#a#
#..........#h#
###........>.@.#
#........(...###
#............#
#......####.##
###......# #.#
.....##### #.#
###......# #.#
#......# #.#


You could see Terence, a worker ant and a hobgoblin.

Vanquished Creatures
  An ooze (D:1)
  A dart slug (D:1)
  A leopard gecko (D:1)
  2 bats (D:1)
  A giant cockroach (D:1)
  3 goblins (D:1)
  A hobgoblin (D:2)
  4 jackals (D:1)
  2 frilled lizards (D:1)
  2 kobolds
  5 rats
23 creatures vanquished.

Notes
Turn   | Place    | Note
-------+----------+-------------------------------------------
     0 | D:1      | Mrkan the Deep Dwarf Fighter began the quest for the Orb.
     0 | D:1      | Reached XP level 1. HP: 20/20 MP: 1/1
    77 | D:1      | Reached XP level 2. HP: 18/27 MP: 2/2
   638 | D:2      | Reached XP level 3. HP: 18/33 MP: 3/3
   682 | D:2      | Found a runed translucent door.
   683 | D:2      | Noticed Crazy Yiuf
   745 | D:2      | Noticed Terence
   800 | D:2      | Succumbed to a worker ant's poison

Levels and vault maps discovered:
D:1:      dpeg_arrival_orchard, layout_basic
D:2:      cheibrodos_helix_gallery, layout_basic, minmay_pentomino_r4,
          uniq_crazy_yiuf_cottage, uniq_terence

Skill      XL: |  1  2 |
---------------+-------+-----
Axes           | 3 |  3.0
Fighting       | |  2.9
Armour         | |  3.5
Shields        | |  3.6

Action                   || total
-------------------------++-------
Melee: War axe           ||    75
       Unarmed           ||    13
 Abil: Heal Wounds       ||     1
Armor: Scale mail        ||    53
       Skin              ||     1
Dodge: Dodged            ||    34
Block: Shield            ||    49
